 Dungeon Crawl Stone Soup version 0.19.3-1-g3169bf9 (webtiles) character file.

14148 JeffiDaFish the Blocker (level 12, -1/75 HPs)
             Began as a Gargoyle Fighter on Jan 23, 2017.
             Was a High Priest of Makhleb.
             Killed from afar by a molten gargoyle (19 damage)
             ... with a bolt of magma
             ... in a volcano.
             The game lasted 00:26:02 (11037 turns).

JeffiDaFish the Blocker (Gargoyle Fighter)         Turns: 11037, Time: 00:26:03

Health: -1/75      AC: 34    Str: 20    XL:     12   Next: 13%
Magic:  14/14      EV:  5    Int: 11    God:    Makhleb [*****.]
Gold:   807        SH: 20    Dex: 12    Spells: 1 memorised, 9 levels left

rFire  . . .     SeeInvis .     j - +3 whip (drain)
rCold  . . .     Gourm    +     y - +0 plate armour
rNeg   + . .     Faith    .     x - +2 large shield
rPois  ∞         Spirit   .     w - +1 helmet of Egalitarianism {rPois Regen+ rCorr}
rElec  +         Reflect  .     a - +2 cloak
rCorr  +         Harm     .     l - +2 pair of gloves
MR     .....                    (no boots)
Stlth  ..........               e - amulet of the gourmand
                                B - +3 ring of protection
                                (no ring)

@: no status effects
A: negative energy resistance 1, electricity resistance, unbreathing,
petrification resistance, rot immunity, AC +8
a: Minor Destruction, Lesser Servant of Makhleb, Major Destruction, Greater
Servant of Makhleb, Renounce Religion


You were in a volcano.
You worshipped Makhleb.
Makhleb was extremely pleased with you.
You were very full.

You visited 3 branches of the dungeon, and saw 13 of its levels.
You also visited: Ossuary and Volcano.

You collected 807 gold pieces.

Inventory:

Hand Weapons
 j - a +3 whip of draining (weapon)
Armour
 a - a +2 cloak (worn)
 l - a +2 pair of gloves (worn)
 w - the +1 helmet of Egalitarianism (worn) {rPois Regen+ rCorr}
   (You found it on level 6 of the Dungeon)

   It protects you from poison.
   It increases your rate of regeneration.
   It protects you from acid and corrosion.
 x - a +2 large shield (worn)
 y - a +0 plate armour (worn)
Jewellery
 c - an uncursed ring of wizardry
 e - an amulet of the gourmand (around neck)
 B - a +3 ring of protection (right hand)
Wands
 p - a wand of hasting (8/9)
 s - a wand of lightning (6/15)
 A - a wand of heal wounds (5/9)
 E - a wand of flame (12/48)
Scrolls
 b - a scroll of teleportation
 d - a scroll of fog
 i - 7 scrolls of identify
 n - 3 scrolls of remove curse
 r - 2 scrolls of blinking
 v - a scroll of magic mapping
 C - 2 scrolls of recharging
Potions
 g - 2 potions of curing
 h - 4 potions of ambrosia
 t - a potion of heal wounds
 u - a potion of agility
 z - 2 potions of berserk rage
Books
 q - a book of Necromancy

   Spells                             Type                      Level
   a - Pain                           Necromancy                   1
   b - Animate Skeleton               Necromancy                   1
   c - Vampiric Draining              Necromancy                   3
   d - Regeneration                   Charms/Necromancy            3
   e - Animate Dead                   Necromancy                   4
   f - Control Undead                 Necromancy                   4
 D - a book of Flames

   Spells                             Type                      Level
   a - Flame Tongue                   Conjuration/Fire             1
   b - Throw Flame                    Conjuration/Fire             2
   c - Conjure Flame                  Conjuration/Fire             3
   d - Inner Flame                    Hexes/Fire                   3
   e - Sticky Flame                   Conjuration/Fire             4
   f - Fireball                       Conjuration/Fire             5
Comestibles
 f - 12 bread rations
 k - 3 meat rations
 m - 12 slices of pizza
 o - 2 beef jerkies


   Skills:
 * Level 8.5 Fighting
 * Level 11.4 Maces & Flails
 * Level 8.2 Armour
 - Level 3.6 Dodging
 - Level 2.0 Stealth
 * Level 12.1 Shields
 + Level 1.3 Spellcasting
   Level 0.0 Necromancy
 + Level 1.7 Fire Magic


You had 9 spell levels left.
You knew the following spells:

 Your Spells              Type           Power        Failure   Level  Hunger
b - Sticky Flame          Conj/Fire      #.......     100%        4    #####..


Dungeon Overview and Level Annotations

Branches:
Dungeon (10/15)            Temple (1/1) D:4            Lair (2/6) D:10
    Orc (0/2) D:10
  Swamp: Lair:2-4    Shoals: Lair:2-4     Snake: Lair:2-4    Spider: Lair:2-4

Altars:
Ashenzari
Hepliaklqana
Kikubaaqudgha
Makhleb
Nemelex Xobeh
Okawaru
Qazlal
Ru
Trog
Uskayaw
Vehumet
Xom


Innate Abilities, Weirdness & Mutations

You are resistant to torment.
Your stone body is resilient. (AC +8)
You are immune to poison.
You resist negative energy. (rN+)
You are resistant to electric shocks. (rElec)
You can survive without breathing.
You are immune to petrification.
You are immune to rotting.


Message History

The molten gargoyle is lightly damaged.
The molten gargoyle hits you but does no damage.
You hit the molten gargoyle.
The molten gargoyle is lightly damaged.
You hit the molten gargoyle but do no damage.
The molten gargoyle is lightly damaged.
The molten gargoyle hits you with a morningstar.
You are engulfed in flames!
* * * LOW HITPOINT WARNING * * *
You hit the molten gargoyle but do no damage.
The molten gargoyle is lightly damaged.
Your plate armour prevents you from hitting the molten gargoyle.
The molten gargoyle is lightly damaged.
The molten gargoyle blasts magma at you!
The bolt of magma hits you!
You whack the molten gargoyle!
The molten gargoyle is heavily damaged.
The molten gargoyle blasts magma at you!
The bolt of magma hits you!
You die...

.§≈≈≈§≈§≈≈§§§§≈....§§§≈≈≈≈§≈≈≈≈≈.
§§≈≈≈§≈§≈≈≈≈≈≈§≈≈≈§≈§≈≈§§§≈≈≈§§≈≈
§§≈≈§§≈§≈≈≈≈≈≈≈§≈§§§§≈≈§§§≈≈≈≈≈≈≈
§§≈≈≈≈≈≈§§§§≈§≈§§≈§§≈§§§§≈≈≈≈≈≈≈§
≈≈≈≈.§§≈≈≈§≈§§≈≈§≈≈≈≈§§§§§≈≈≈≈≈≈§
§≈§≈§≈≈.§§§≈≈§§§§§§§≈§≈§§§≈§≈≈≈≈§
§§≈≈§§§§...§.§§.......§§§§≈§§≈§≈≈
≈§..########+########.§≈≈§≈≈§ ≈
.≈≈§#....).#.#..@9..#.§≈§≈≈§§ ≈
§≈§§#...)#.#.#.#/[..#.§§§≈≈§§ §
§§§.#....#.#.#.#!?$.#.≈≈≈≈§§≈
§§≈.#..[[#.#.#.#$)$.#.≈§≈§§§≈
§§≈.######.#.#.######..≈≈§§≈≈
§§..#......#)#......#.≈≈§§§≈≈
≈≈≈.###''###'###''###..≈§§≈≈≈
§≈..#....#.....#....#.§§§§≈≈§
§≈§§#.∩..#.8_8.#..∩.# ≈≈§≈≈S


You could see a molten gargoyle.

Vanquished Creatures
  2 hill giants (D:10)
  3 ugly things
  An orc sorcerer (Volcano)
  Joseph (D:7)
  Maurice (D:8)
  A smoke demon (Volcano)
  A molten gargoyle (Volcano)
  A black mamba (Lair:1)
  The ghost of FearTheKraken the Digger, a novice DrEE (D:5)
  A spiny frog (Lair:2)
  2 red devils (Volcano)
  A troll (D:9)
  A two-headed ogre (D:8)
  A hornet (D:7)
  A spriggan (D:10)
  5 yaks (D:9)
  2 wyverns (D:10)
  A fire bat (Volcano)
  A hungry ghost (D:9)
  Grum (D:8)
  The ghost of TahraDactyl the Insei, an amateur DsGl (D:4)
  A steam dragon (D:10)
  3 water moccasins (Lair:1)
  A black bear (D:7)
  A hornet zombie (D:9)
  3 ice beasts
  7 orc warriors
  3 phantoms
  2 sky beasts (D:8)
  10 wolves
  An ogre (D:9)
  4 centaurs
  A crocodile (D:8)
  9 bullfrogs
  2 elf zombies (Ossuary)
  A big kobold (D:8)
  A gnoll sergeant (D:10)
  2 wyvern zombies
  2 scorpions
  A wyvern skeleton (D:10)
  3 wights (D:9)
  An electric eel (D:7)
  2 howler monkeys
  6 lava snakes (Volcano)
  2 bullfrog zombies
  7 crimson imps
  2 human zombies (Ossuary)
  3 jellies
  A bullfrog skeleton (D:6)
  5 orc priests
  6 hounds
  14 orc wizards
  2 iguanas
  3 worker ants
  3 big kobold zombies (Ossuary)
  2 hound zombies
  A hound skeleton (D:6)
  3 mummies
  A howler monkey zombie (D:8)
  2 worker ant zombies
  3 gnolls (D:10)
  13 adders
  2 shadow imps
  An ooze (D:6)
  3 adder zombies
  4 dart slugs
  9 leopard geckos
  55 orcs
  2 ball pythons
  3 giant cockroaches
  9 goblins
  5 hobgoblins
  6 jackals
  10 kobolds
  2 quokkas (D:2)
  4 bats
  A frilled lizard (D:1)
  A goblin zombie (D:6)
  14 hobgoblin zombies
  A jackal skeleton (D:5)
  A jackal zombie (Ossuary)
  8 kobold zombies (Ossuary)
  A leopard gecko skeleton (D:4)
  6 orc zombies (Ossuary)
  A quokka skeleton (D:6)
  9 rats
  A rat zombie (Ossuary)
  2 fungi (D:1)
331 creatures vanquished.

Vanquished Creatures (others)
  A big kobold (D:10)
  3 kobolds (D:10)
4 creatures vanquished.

Grand Total: 335 creatures vanquished

Notes
Turn   | Place    | Note
-------+----------+-------------------------------------------
     0 | D:1      | JeffiDaFish the Gargoyle Fighter began the quest for the Orb.
     0 | D:1      | Reached XP level 1. HP: 14/14 MP: 1/1
   103 | D:1      | Reached XP level 2. HP: 12/19 MP: 2/2
   519 | D:1      | Reached XP level 3. HP: 22/23 MP: 3/3
  1148 | D:2      | Reached XP level 4. HP: 28/28 MP: 4/4
  1193 | D:2      | Found a faded altar of an unknown god.
  1491 | D:2      | Found a stormy altar of Qazlal.
  1668 | D:3      | Reached skill level 4 in Shields
  1957 | D:3      | Reached XP level 5. HP: 11/33 MP: 5/5
  2267 | D:4      | Reached skill level 1 in Dodging
  2353 | D:4      | Noticed TahraDactyl's ghost (amateur DsGl)
  2367 | D:4      | Killed TahraDactyl's ghost
  2367 | D:4      | Reached skill level 1 in Stealth
  2367 | D:4      | Reached XP level 6. HP: 38/38 MP: 6/6
  2627 | D:4      | Found a staircase to the Ecumenical Temple.
  2633 | Temple   | Entered the Ecumenical Temple
  2650 | Temple   | Became a worshipper of Makhleb the Destroyer
  2837 | D:5      | Entered Level 5 of the Dungeon
  2842 | D:5      | Noticed FearTheKraken's ghost (novice DrEE)
  2859 | D:5      | Killed FearTheKraken's ghost
  2859 | D:5      | Reached skill level 5 in Shields
  2859 | D:5      | Reached XP level 7. HP: 38/44 MP: 7/7
  2882 | D:5      | Reached skill level 5 in Maces & Flails
  2986 | D:5      | Learned a level 1 spell: Animate Skeleton
  3197 | D:5      | Reached skill level 5 in Armour
  3241 | D:5      | Found a stormy altar of Qazlal.
  3623 | D:6      | Reached XP level 8. HP: 40/48 MP: 8/8
  3831 | D:6      | Reached skill level 6 in Shields
  3862 | D:6      | Reached * piety under Makhleb
  4019 | D:6      | Found a sand-covered staircase.
  4024 | Ossuary  | Entered an ossuary
  4064 | Ossuary  | Reached skill level 5 in Fighting
  4232 | Ossuary  | Reached ** piety under Makhleb
  4545 | D:6      | Reached XP level 9. HP: 45/54 MP: 9/9
  4742 | D:6      | Reached skill level 7 in Shields
  5083 | D:6      | Got a distressingly furry helmet
  5084 | D:6      | Identified the +1 helmet of Egalitarianism {rPois Regen+ rCorr} (You found it on level 6 of the Dungeon)
  5612 | D:7      | Found a hide-covered altar of Uskayaw.
  5612 | D:7      | Noticed a dagger
  5612 | D:7      | Noticed a hand axe
  5809 | D:7      | Reached *** piety under Makhleb
  5891 | D:7      | Noticed a hornet
  5907 | D:7      | Killed a hornet
  5907 | D:7      | Reached skill level 8 in Shields
  6094 | D:7      | Noticed Joseph
  6124 | D:7      | Killed Joseph
  6124 | D:7      | Reached XP level 10. HP: 60/60 MP: 10/10
  6488 | D:7      | Found a shattered altar of Ashenzari.
  6551 | D:8      | Noticed Grum
  6573 | D:8      | Killed Grum
  6598 | D:8      | Reached skill level 9 in Shields
  6694 | D:8      | Noticed Maurice
  7117 | D:8      | Killed Maurice
  7485 | D:8      | Reached **** piety under Makhleb
  7677 | D:9      | Reached skill level 10 in Maces & Flails
  7677 | D:9      | Reached skill level 10 in Shields
  7769 | D:9      | Reached XP level 11. HP: 67/67 MP: 11/11
  8044 | D:9      | Noticed a purple ugly thing
  8074 | D:9      | Killed a purple ugly thing
  8094 | D:9      | Found a stormy altar of Qazlal.
  8392 | D:10     | Entered Level 10 of the Dungeon
  8440 | D:10     | Noticed a hill giant
  8455 | D:10     | Killed a hill giant
  8455 | D:10     | Reached skill level 11 in Shields
  8483 | D:10     | Noticed a hill giant
  8496 | D:10     | Killed a hill giant
  8682 | D:10     | Found a staircase to the Orcish Mines.
  9088 | D:10     | Found a staircase to the Lair.
  9336 | D:10     | Reached ***** piety under Makhleb
  9535 | Lair:1   | Entered Level 1 of the Lair of Beasts
  9596 | Lair:1   | Learned a level 4 spell: Sticky Flame
  9631 | Lair:1   | Got a smoking rapier
  9632 | Lair:1   | Identified the cursed +1 rapier of Blind Justice {vamp, Dex+8} (You found it on level 1 of the Lair of Beasts)
 10452 | Lair:2   | Found a dark tunnel.
 10461 | Volcano  | Entered a volcano
 10781 | Volcano  | Found a burning altar of Makhleb.
 10781 | Volcano  | Noticed a red ugly thing
 10836 | Volcano  | Killed a red ugly thing
 10857 | Volcano  | Reached skill level 12 in Shields
 10857 | Volcano  | Reached skill level 1 in Spellcasting
 10857 | Volcano  | Reached skill level 1 in Fire Magic
 10888 | Volcano  | Reached XP level 12. HP: 66/74 MP: 13/13
 11037 | Volcano  | Killed from afar by a molten gargoyle

Skill      XL: |  1  2  3  4  5  6  7  8  9 10 11 12 |
---------------+-------------------------------------+-----
Maces & Flails | 3 4 5 7 8 10 11 | 11.4
Shields        | 4 5 6 8 10 12 | 12.1
Armour         | 4 5 6 7 8 |  8.2
Dodging        | 1 2 3 |  3.6
Fighting       | 4 5 6 7 8 |  8.5
Stealth        | 1 2 |  2.0
Spellcasting   | 1 |  1.3
Fire Magic     | 1 |  1.7

Action                   |  1- 3 |  4- 6 |  7- 9 | 10-12 || total
-------------------------+-------+-------+-------+-------++-------
Melee: Flail             |    71 |       |       |       ||    71
       Whip              |    44 |   144 |   692 |  1174 ||  2054
  Use: Scroll            |     3 |     7 |     5 |    12 ||    27
       Potion            |     3 |     5 |     3 |     7 ||    18
  Eat: Chunk             |     1 |     5 |    23 |    28 ||    57
Armor: Scale mail        |    46 |    60 |   227 |       ||   333
       Chain mail        |       |       |    46 |    85 ||   131
       Plate armour      |       |       |       |   295 ||   295
Dodge: Dodged            |    24 |    29 |   162 |   114 ||   329
Block: Shield            |    53 |    58 |   286 |    66 ||   463
       Large shield      |       |       |       |   722 ||   722
